 Dungeon Sprint DCSS version 0.27-a0-67-g4bfc8a49e1 (webtiles) character file.

Game seed: 10719245995059329646

9 mhtbhm the Skirmisher (level 1, -5/19 HPs)
             Began as a Demigod Fighter on Jan 9, 2021.
             Slain by an ice beast (9 damage)
             ... in the Dungeon (Sprint IX: "|||||||||||||||||||||||||||||").
             The game lasted 00:00:07 (44 turns).

mhtbhm the Skirmisher (Demigod Fighter)               Turns: 44, Time: 00:00:08

Health: -5/19      AC:  6    Str: 19    XL:     1   Next: 93%
Magic:  3/3        EV:  7    Int: 12    God:
Gold:   0          SH:  9    Dex: 15    Spells: 0/0 levels left

rFire    . . .     SeeInvis .   a - +0 long sword
rCold    . . .     Faith    .   c - +0 kite shield
rNeg     . . .     Spirit   .   b - +0 scale mail
rPois    .         Reflect  .   (no helmet)
rElec    .         Harm     .   (no cloak)
rCorr    .         Rampage  .   (no gloves)
Will     .....     NoTele   +   (no boots)
Stlth    ..........             (no amulet)
HPRegen  0.06/turn              (no ring)
MPRegen  0.08/turn              (no ring)

@: no status effects
A: high mp 1
a: no special abilities


You were in the Dungeon.
You visited 1 branch

Inventory:

Hand Weapons
 a - a +0 long sword (weapon)
Armour
 b - a +0 scale mail (worn)
 c - a +0 kite shield (worn)
Scrolls
 j - a scroll of blinking
Potions
 d - a potion of might
 e - a potion of curing
 f - a potion of heal wounds
 g - a potion of haste
 h - 2 potions of magic
 i - a potion of berserk rage


   Skills:
 + Level 3.3 Fighting
 + Level 2.4 Long Blades
 + Level 3.2 Armour
 + Level 3.3 Shields


You couldn't memorise any spells.
You didn't know any spells.
Your spell library was empty.

Dungeon Overview and Level Annotations

Branches:
Dungeon (1/1)


Innate Abilities, Weirdness & Mutations

You have an increased reservoir of magic. (+10% MP)


Message History

The ice beast is severely wounded.
The orc hits you from afar with a +0 trident.
The ice beast hits you but does no damage.
You block the orc's attack.
You closely miss the ice beast.
The ice beast is severely wounded.
The ice beast hits you but does no damage.
The orc hits you but does no damage. The ice beast closely misses you.
Your shield prevents you from hitting the ice beast.
The ice beast is severely wounded.
You block the ice beast's attack.
The orc hits you from afar with a +0 trident.
* * * LOW HITPOINT WARNING * * *
You hit the ice beast but do no damage.
The ice beast is severely wounded.
The ice beast hits you but does no damage.
The orc barely misses you. The ice beast hits you.
* * * LOW HITPOINT WARNING * * *
The ice beast freezes you!
You die...

▓.▓
▓.▓
▓.▓
▓†▓
▓†▓
▓.▓
▓.▓
▓.▓
▓@▓
▓Y▓
▓o▓
▓Z▓
▓Z▓
▓.▓
▓.▓
▓+▓


You could see an ice beast, an orc and 2 bat skeletons.

Vanquished Creatures
  A worm (D)
  A dart slug (D)
  A giant cockroach (D)
  A bat (D)
  2 rats (D)
6 creatures vanquished.

Notes
Turn   | Place    | Note
-------+----------+-------------------------------------------
     0 | D        | mhtbhm the Demigod Fighter began the quest for the Orb.
     0 | D        | Reached XP level 1. HP: 18/18 MP: 3/3
    19 | D        | Noticed an ice beast
    44 | D        | Slain by an ice beast

Illustrated notes

Levels and vault maps discovered:
D:        linesprint [early_d, line_temple, items_1, d_10, items_2, lair_1,
          lair_end, items_3, orc_1, orc_end, items_4, d_15, swamp_1, shoals_1,
          snake_1, spider_1, d_20, vaults_1, items_5, swamp_end, shoals_end,
          snake_end, spider_end, vaults_end, d_27, items_6, zot_1, zot_end,
          crypt_end, forest_end, elf_end, slime_end, tomb_end, abyss_end,
          pan_hell_end]

Skill      XL: |  1 |
---------------+----+-----
Fighting       | 3 |  3.3
Armour         | 3 |  3.2
Shields        | 3 |  3.3
Long Blades    | 2 |  2.4

Action                   || total
-------------------------++-------
Melee: Long sword        ||    34
Armor: Scale mail        ||    14
Dodge: Dodged            ||    10
Block: Kite shield       ||    26
       Rpst.: Long sword ||     2

Table legend: (Time is in decaauts)
 A = Elapsed time spent in this place.
 B = Non-inter-level travel time spent in this place.
 C = Inter-level travel time spent in this place.
 D = Time resting spent in this place.
 E = Time spent auto-exploring this place.
 F = Levels seen in this place.
 G = Mean time per level.
                   A        B        C        D        E       F      G
               +--------+--------+--------+--------+--------+-----+--------+
         Total |     55 |     55 |      0 |      0 |      3 |   1 |   55.0 |
       Dungeon |     55 |     55 |      0 |      0 |      3 |   1 |   55.0 |
               +--------+--------+--------+--------+--------+-----+--------+

Top non-repeatable levels by time:
       D: 55 daAuts
